 Dungeon Crawl Stone Soup version 0.23.2-1-ga50397a6bc (webtiles) character file.

Game seed: 6187361502497271465

33 Norn the Magician (level 3, 0/23 HPs)
             Began as an Octopode Wizard on May 4, 2019.
             Slain by an adder (3 damage)
             ... on level 2 of the Dungeon.
             The game lasted 00:01:46 (1011 turns).

Norn the Magician (Octopode Wizard)                 Turns: 1011, Time: 00:01:47

Health: 0/23       AC:  1    Str:  6    XL:     3   Next: 29%
Magic:  0/7        EV: 13    Int: 21    God:
Gold:   30         SH:  0    Dex: 10    Spells: 5/8 levels left

rFire    . . .     SeeInvis .   (no weapon)
rCold    . . .     Gourm    .   (no shield)
rNeg     . . .     Faith    .   a - +0 hat
rPois    .         Spirit   .   (no amulet)
rElec    .         Reflect  .   (no ring)
rCorr    .         Harm     .   (no ring)
MR       .....                  (no ring)
Stlth    +++.......             (no ring)
HPRegen  0.07/turn              (no ring)
MPRegen  0.10/turn              (no ring)
                                (no ring)
                                (no ring)

@: lethally poisoned (0 -> -11), very slightly contaminated
A: almost no armour, stealthy swim, amphibious, 8 rings, constrict 8, camouflage
1, gelatinous body 1
a: no special abilities


You were on level 2 of the Dungeon.
You were not hungry.

You visited 1 branch of the dungeon, and saw 2 of its levels.

You collected 30 gold pieces.

Inventory:

Armour
 a - a +0 hat (worn)
Jewellery
 c - an uncursed amulet of guardian spirit {unknown}
   (You found it on level 1 of the Dungeon)
Scrolls
 b - a scroll of identify {unknown}
 f - a scroll of magic mapping {unknown}
Potions
 d - a potion of curing {@q1}
 g - a potion of ambrosia {unknown}
Comestibles
 e - 3 rations {!d}


   Skills:
 + Level 1.0 Fighting
 + Level 2.3 Dodging
 - Level 2.6 Stealth
 - Level 3.0 Spellcasting
 * Level 2.2 Conjurations
 + Level 1.3 Summonings
   Level 1.0 Translocations


You had 5 spell levels left.
You knew the following spells:

 Your Spells              Type           Power        Failure   Level  Hunger
a - Magic Dart            Conj           ##..         5%          1    None
x - Call Imp              Summ           #.......     12%         2    ##.....

Your spell library contained the following spells:

 Spells                   Type           Power        Failure   Level  Hunger
 Blink                    Tloc           N/A          13%         2    ##.....
 Slow                     Hex            #.......     21%         2    ##.....
 Conjure Flame            Conj/Fire      #.......     26%         3    ###....
 Mephitic Cloud           Conj/Pois/Air  #.......     30%         3    ###....


Dungeon Overview and Level Annotations

Branches:
Dungeon (1/15)

Altars:


Innate Abilities, Weirdness & Mutations

You cannot wear most types of armour.
You are very stealthy in the water. (Stealth+)
You are amphibious.
You can wear up to eight rings at the same time.
You can use your tentacles to constrict eight enemies at once.
Your skin changes colour to match your surroundings (Stealth+).
Your rubbery body absorbs attacks. (AC +1, EV +1)


Message History

Your crimson imp blinks!
Aim: an adder (heavily wounded)
You miscast Magic Dart.
You are very lightly contaminated with residual magic.
Your skin tingles.
Your crimson imp misses the adder.
Your crimson imp blinks!
You tentacle-slap the adder. Your grab misses the adder.
Your squeeze misses the adder. The adder bites you.
The adder closely misses you.
You tentacle-slap the adder. Your grab misses the adder.
Your squeeze misses the adder. The adder closely misses you.
Your crimson imp blinks!
The adder bites you.
You are poisoned.
The adder poisons you! The adder closely misses you.
You tentacle-slap the adder but do no damage.
Your grab misses the adder.
You feel sick. The adder bites you.
You are more poisoned.
The adder poisons you! The adder bites you.
* * * LOW HITPOINT WARNING * * *
You are lethally poisoned!
The adder poisons you!
Unknown command.
Aim: an adder (severely wounded)
The magic dart hits the adder.
You kill the adder!
* * * LOW HITPOINT WARNING * * *
You feel sick. The adder bites you.
* * * LOW HITPOINT WARNING * * *
Aim: an adder The magic dart hits the adder.
* * * LOW HITPOINT WARNING * * *
You feel sick. The adder completely misses you.
Your crimson imp blinks!
You don't have enough magic to cast that spell.
It was a potion of curing.
You feel better. The adder bites you.
* * * LOW HITPOINT WARNING * * *
You are poisoned.
The adder poisons you! The adder barely misses you.
You closely miss the adder. You grab the adder. You constrict the adder.
You feel sick. The adder misses you.
You tentacle-slap the adder but do no damage.
You constrict the adder. The adder bites you.
* * * LOW HITPOINT WARNING * * *
Your crimson imp blinks!
You tentacle-slap the adder. You constrict the adder. The adder bites you.
* * * LOW HITPOINT WARNING * * *
You are more poisoned.
The adder poisons you! The adder bites you.
You die...

#. ...≈#
###.#.≈≈≈.#
# ...#.....
.#
#!..#§..#..
#....#.#.#
#.....#.##.#
#.5........#
#.S....#
#@.....#
#..5...#
########


You could see an adder and 2 friendly crimson imps.

Vanquished Creatures
  An adder (D:2)
  An ooze (D:1)
  2 dart slugs (D:1)
  A giant cockroach (D:1)
  5 goblins (D:1)
  A hobgoblin (D:1)
  2 jackals (D:1)
  2 kobolds (D:1)
  A frilled lizard (D:1)
  2 rats (D:1)
18 creatures vanquished.

Notes
Turn   | Place    | Note
-------+----------+-------------------------------------------
     0 | D:1      | Norn the Octopode Wizard began the quest for the Orb.
     0 | D:1      | Reached XP level 1. HP: 11/11 MP: 4/4
   301 | D:1      | Reached XP level 2. HP: 18/18 MP: 1/6
   350 | D:1      | Learned a level 2 spell: Call Imp
   931 | D:1      | Reached skill level 1 in Fighting
   931 | D:1      | Reached XP level 3. HP: 23/23 MP: 4/7
   994 | D:1      | You fall through a shaft!
  1011 | D:2      | Slain by an adder

Skill      XL: |  1  2 |
---------------+-------+-----
Conjurations   | 2 |  2.2
Fighting       | 1 |  1.0
Dodging        | |  2.3
Stealth        | |  2.6
Spellcasting   | |  3.0
Summonings     | |  1.3
Translocations | |  1.0

Action                   || total
-------------------------++-------
Melee: Unarmed           ||    12
       Constrict         ||     3
 Cast: Magic Dart        ||    48
       Call Imp          ||     2
  Use: Potion            ||     1
Armor: Skin              ||     1
Dodge: Dodged            ||    12
